 Dungeon Sprint DCSS version 0.27.0-66-gdc8fb28755 (webtiles) character file.

Game seed: 6032024490761146552

151 ABBCCCDDDD the Skirmisher (level 5, -2/78 HPs)
             Began as a Minotaur Berserker on Aug 19, 2021.
             Was a Priest of Trog.
             Slain by a human (8 damage)
             ... in the Dungeon (Sprint III: "The Ten Rune Challenge").
             The game lasted 00:00:48 (637 turns).

ABBCCCDDDD the Skirmisher (Minotaur Berserker)       Turns: 637, Time: 00:00:49

Health: -2/78      AC:  3    Str: 23    XL:     5   Next: 10%
Magic:  4/4        EV: 13    Int:  4    God:    Trog [***...]
Gold:   46         SH:  0    Dex:  9    Spells: 4/4 levels left

rFire    . . .     SeeInvis .   a - +0 hand axe
rCold    . . .     Faith    .   (no shield)
rNeg     . . .     Spirit   .   b - +0 animal skin
rPois    .         Reflect  .   (helmet restricted)
rElec    .         Harm     .   j - +0 cloak
rCorr    .         Rampage  .   (no gloves)
Will     .....     NoTele   +   (no boots)
Stlth    ..........             (no amulet)
HPRegen  0.23/turn              (no ring)
MPRegen  0.09/turn              (no ring)

@: berserking (expiring), very quick
A: horns 2, retaliatory headbutt
a: Renounce Religion, Berserk, Trog's Hand


You were in the Dungeon.
You worshipped Trog.
Trog was most pleased with you.
You visited 1 branch You collected 46 gold pieces.

Inventory:

Hand Weapons
 a - a +0 hand axe (weapon)
Armour
 b - a +0 animal skin (worn)
 j - a +0 cloak (worn)
Scrolls
 h - a scroll of blinking
 l - 3 scrolls of torment {unknown}
 m - 2 scrolls of identify
Potions
 c - a potion of curing
 d - 2 potions of heal wounds
 e - a potion of haste
 f - 2 potions of magic
 g - a potion of berserk rage
 i - a potion of degeneration {unknown}
 k - 4 potions of mutation {unknown}
 n - 2 potions of flight {unknown}


   Skills:
 + Level 7.1 Fighting
 + Level 7.1 Axes
 + Level 6.5 Armour
 + Level 6.0 Dodging


You had 4 spell levels left.
You didn't know any spells.
Your spell library was empty.

Dungeon Overview and Level Annotations

Branches:
Dungeon (1/1)

Altars:
Kikubaaqudgha
Okawaru
Sif Muna
Trog
Uskayaw
Vehumet
Wu Jian
Beogh


Innate Abilities, Weirdness & Mutations

You have a pair of horns on your head.
You reflexively headbutt those who attack you in melee.


Message History

Found a robe.
Found five altars.
A red film seems to cover your vision as you go berserk!
You feel yourself moving faster!
You feel mighty!
The human drinks a potion.
The human seems to grow stronger.
You feel a strong urge to attack something.
A human comes into view.
Found a whip.
There is an open door here.
You miss the human. Your headbutt misses the human. The human hits you.
You hit the human.
The human is lightly wounded.
The human drinks a potion.
The human goes berserk!
The human barely misses you.
You slash the human!
The human is heavily wounded.
You hit the human.
The human is lightly wounded.
You closely miss the human. The human misses you. The human hits you!
You completely miss the human. You headbutt the human!
The human is moderately wounded.
You hit the human. The human hits you! x2
You slash the human! You headbutt the human!
The human is heavily wounded.
You barely miss the human. The human hits you!
You slash the human!
The human is severely wounded.
You hit the human. The human hits you! The human hits you.
* * * LOW HITPOINT WARNING * * *
You miss the human.
The human is severely wounded.
You closely miss the human. The human hits you!
* * * LOW HITPOINT WARNING * * *
The human hits you!
* * * LOW HITPOINT WARNING * * *
You barely miss the human.
The human is severely wounded.
You completely miss the human. The human barely misses you.
You closely miss the human.
The human is severely wounded.
You slash the human! The human hits you!
You die...

▓▓ ▓▓▓ .#### ##.# #####
....#####..# #___#
.....#..#..# #pp)#
##...#..#..###+#@###+##
###..##'#..#..........#
.##..###...'.⌠........#
##..####...#...######+#
##..###....#.⌠.#
#...##.....#...#
....#......#'###
..##)#.....#.).# ..
####....#___#


You could see 2 humans.

Levels and vault maps discovered:
D:        dungeon_sprint_mu [sprint_mu_entry_cave, sprint_mu_temple_rooms,
          sprint_mu_d1_horrors, sprint_mu_d2_genie, sprint_mu_d3_branching,
          sprint_mu_orc_legion, sprint_mu_elf_gauntlet, sprint_mu_hive_nellie,
          sprint_mu_lair_fedhas, sprint_mu_vaults_butterflies,
          sprint_mu_slime_circle, sprint_mu_swamp_cave, sprint_mu_snake_twists,
          sprint_mu_blade_basic, sprint_mu_crypt_fortress,
          sprint_mu_tomb_spiral, sprint_mu_vestibule_basic,
          sprint_mu_gehenna_hellfire, sprint_mu_dis_giant,
          sprint_mu_tartarus_statrot, sprint_mu_cocytus_islands, sprint_mu_zot1]

Notes
Turn   | Place    | Note
-------+----------+-------------------------------------------
     0 | D        | ABBCCCDDDD the Minotaur Berserker began the quest for the
                  | Orb.
     0 | D        | Reached XP level 1. HP: 19/19 MP: 0/0
    85 | D        | Reached ** piety under Trog
   170 | D        | Noticed Crazy Yiuf
   175 | D        | Killed Crazy Yiuf
   176 | D        | Reached skill level 5 in Fighting
   176 | D        | Reached skill level 5 in Axes
   176 | D        | Reached XP level 2. HP: 29/29 MP: 1/1
   176 | D        | Reached XP level 3. HP: 36/36 MP: 2/2
   364 | D        | Noticed a water elemental
   371 | D        | Killed a water elemental
   371 | D        | Reached *** piety under Trog
   372 | D        | Reached skill level 5 in Armour
   372 | D        | Reached skill level 5 in Dodging
   372 | D        | Reached XP level 4. HP: 45/45 MP: 3/3
   474 | D        | Found a radiant altar of Vehumet.
   474 | D        | Found a shimmering blue altar of Sif Muna.
   474 | D        | Found an ancient bone altar of Kikubaaqudgha.
   474 | D        | Noticed a wizard
   478 | D        | Killed a wizard
   483 | D        | Reached XP level 5. HP: 52/52 MP: 4/4
   625 | D        | Found a hide-covered altar of Uskayaw.
   625 | D        | Found an iron altar of Okawaru.
   625 | D        | Found a bloodstained altar of Trog.
   625 | D        | Found an ornate altar of the Wu Jian Council.
   625 | D        | Noticed a human
   627 | D        | Noticed a human
   637 | D        | Slain by a human

Table legend: (Time is in decaauts)
 A = Elapsed time spent in this place.
 B = Non-inter-level travel time spent in this place.
 C = Inter-level travel time spent in this place.
 D = Time resting spent in this place.
 E = Time spent auto-exploring this place.
 F = Levels seen in this place.
 G = Mean time per level.
                   A        B        C        D        E       F      G
               +--------+--------+--------+--------+--------+-----+--------+
         Total |    656 |    656 |      0 |    500 |     59 |   1 |  656.0 |
       Dungeon |    656 |    656 |      0 |    500 |     59 |   1 |  656.0 |
               +--------+--------+--------+--------+--------+-----+--------+

Top non-repeatable levels by time:
       D: 656 daAuts

Table legend:
 A = Kills in this place as a percentage of kills in entire the game.
 B = Kills by you in this place as a percentage of kills by you in the entire game.
 C = Kills by friends in this place as a percentage of kills by friends in the entire game.
 D = Other kills in this place as a percentage of other kills in the entire game.
 E = Experience gained in this place as a percentage of experience gained in the entire game.
 F = Experience gained in this place divided by the number of levels of this place that you have seen.
                   A       B       C       D       E      F
               +-------+-------+-------+-------+-------+----------------------
         Total | 100.0 | 100.0 |   N/A |   N/A | 100.0 | 216.0
       Dungeon | 100.0 | 100.0 |   N/A |   N/A | 100.0 | 216.0
               +-------+-------+-------+-------+-------+----------------------

Action                   |  1- 3 |  4- 6 || total
-------------------------+-------+-------++-------
Melee: Hand axe          |    25 |    13 ||    38
       Headbutt          |     3 |     2 ||     5
Invok: Berserk           |     2 |     2 ||     4
Dodge: Dodged            |     8 |     4 ||    12

Vanquished Creatures
  A water elemental (D)
  Crazy Yiuf (D)
  A wizard (D)
  A kobold demonologist (D)
  A human (D)
  An endoplasm (D)
  3 rats (D)
9 creatures vanquished.

Vanquished Creatures (others)
  2 plants (D)
2 creatures vanquished.

Grand Total: 11 creatures vanquished
